 Dungeon Crawl Stone Soup version 0.26-a0-597-gb535b0901c (webtiles) character file.

Game seed: 5228632091572841425

35046 Gargoyl the Fighter (level 13, -5/104 HPs)
             Began as a Gnoll Abyssal Knight on Aug 25, 2020.
             Was the Champion of Lugonu.
             Shot with an arrow by Nessos (16 damage)
             ... on level 5 of the Lair of Beasts.
             The game lasted 00:23:20 (20702 turns).

Gargoyl the Fighter (Gnoll Abyssal Knight)         Turns: 20702, Time: 00:23:21

Health: -5/104     AC: 14    Str: 19    XL:     13   Next: 81%
Magic:  25/25      EV: 16    Int: 15    God:    Lugonu [******]
Gold:   636        SH: 11    Dex: 17    Spells: 29/29 levels left

rFire    + . .     SeeInvis +   H - +10 long sword of Resourcefulness {flame, +Rage}
rCold    + . .     Faith    .   a - +0 buckler (curse)
rNeg     . . .     Spirit   .   e - +2 scale mail
rPois    .         Reflect  +   x - +0 helmet
rElec    .         Harm     .   i - scarf {shadows}
rCorr    .                      (no gloves)
MR       ++...                  w - +0 pair of boots
Stlth    +++++.....             d - amulet of reflection
HPRegen  0.27/turn              b - ring of protection from magic
MPRegen  0.19/turn              G - ring of Hedonism {rF+ rC+ MR+ SInv}

@: lethally poisoned (-5 -> -22)
A: distributed training, fangs 2, hooves 1, thin skeletal structure 1,
camouflage 1, shaggy fur 1, subdued magic 1, strong nose
a: Depart the Abyss, Bend Space, Banish, Corrupt, Enter the Abyss, Brand Weapon
With Distortion, Renounce Religion, Evoke Berserk Rage


You were on level 5 of the Lair of Beasts.
You worshipped Lugonu.
Lugonu was exalted by your worship.
You visited 2 branches of the dungeon, and saw 14 of its levels.
You visited the Abyss 1 time.
You also visited: Ossuary.

You collected 998 gold pieces.
You spent 362 gold pieces at shops.

Inventory:

Hand Weapons
 n - a +4 hand axe of electrocution
 B - a +2 hand axe of flaming
 H - the +10 long sword of Resourcefulness (weapon) {flame, +Rage}
   (You found it on level 2 of the Lair of Beasts)

   It has been specially enchanted to burn those struck by it, causing extra
   injury to most foes and up to half again as much damage against particularly
   susceptible opponents.
   Big, fiery blades are also staple armaments of hydra-hunters.
   It lets you go berserk.
Missiles
 l - 13 javelins (quivered)
Armour
 a - a cursed +0 buckler (worn)
 e - a +2 scale mail (worn)
 i - a scarf of shadows (worn)
 w - a +0 pair of boots (worn)
 x - a +0 helmet (worn)
Jewellery
 b - a ring of protection from magic (left hand)
 c - an uncursed ring of protection from fire {unknown}
 d - an amulet of reflection (around neck)
 G - the ring of Hedonism (right hand) {rF+ rC+ MR+ SInv}
   (You found it on level 2 of the Lair of Beasts)

   [ring of protection from cold]

   It protects you from fire.
   It protects you from cold.
   It affects your resistance to hostile enchantments.
   It lets you see invisible.
Wands
 u - a wand of paralysis (15)
 v - a wand of iceblast (20)
 y - a wand of enslavement (14)
 D - a wand of flame (18)
 J - a wand of acid (11)
Scrolls
 g - 4 scrolls of blinking
 h - 12 scrolls of remove curse
 j - 3 scrolls of fog
 k - 8 scrolls of identify
 p - 2 scrolls of magic mapping
 I - a scroll of teleportation
Potions
 f - 2 potions of haste
 m - 7 potions of curing
 o - 3 potions of cancellation {unknown}
 q - a potion of ambrosia {unknown}
 r - a potion of mutation
 s - 2 potions of stabbing {unknown}
 t - 2 potions of heal wounds
 z - a potion of might {unknown}
 A - a potion of invisibility
 C - a potion of magic {unknown}
 E - a potion of berserk rage
 F - 3 potions of flight {unknown}


   Skills:
 + Level 10.7 Fighting
 + Level 8.6 Short Blades
 + Level 8.6 Long Blades
 + Level 9.8 Axes
 + Level 8.6 Maces & Flails
 + Level 8.6 Polearms
 + Level 8.6 Staves
 + Level 8.6 Slings
 + Level 8.6 Bows
 + Level 8.6 Crossbows
 + Level 8.6 Throwing
 + Level 9.8 Armour
 + Level 9.0 Dodging
 + Level 8.6 Stealth
 + Level 8.6 Shields
 + Level 8.6 Unarmed Combat
 + Level 8.6 Spellcasting
 + Level 7.2 Conjurations
 + Level 7.2 Hexes
 + Level 7.2 Summonings
 + Level 7.2 Necromancy
 + Level 7.2 Translocations
 + Level 7.2 Transmutations
 + Level 7.2 Fire Magic
 + Level 7.2 Ice Magic
 + Level 7.2 Air Magic
 + Level 7.2 Earth Magic
 + Level 7.2 Poison Magic
 + Level 10.4 Invocations
 + Level 8.6 Evocations


You had 29 spell levels left.
You didn't know any spells.
Your spell library contained the following spells:

 Spells                   Type           Power        Failure   Level
 Animate Skeleton         Necr           ##....       1%          1
 Apportation              Tloc           ##....       1%          1
 Corona                   Hex            ##.....      1%          1
 Foxfire                  Conj/Fire      ##..         1%          1
 Magic Dart               Conj           ##..         1%          1
 Blink                    Tloc           N/A          1%          2
 Call Imp                 Summ           ##......     1%          2
 Corpse Rot               Necr/Air       N/A          1%          2
 Ensorcelled Hibernation  Hex/Ice        ##....       1%          2
 Slow                     Hex            ##......     1%          2
 Confusing Touch          Hex            ##......     3%          3
 Conjure Flame            Conj/Fire      ##......     3%          3
 Dazzling Flash           Conj/Hex       ##....       3%          3
 Lesser Beckoning         Tloc           ##........   3%          3
 Mephitic Cloud           Conj/Pois/Air  ##......     3%          3
 Tukima's Dance           Hex            ##......     3%          3
 Animate Dead             Necr           ##........   12%         4
 Cause Fear               Hex            ##........   12%         4
 Alistair's Intoxication  Tmut/Pois      ##.......    32%         5
 Summon Demon             Summ           ##........   32%         5
 Summon Forest            Summ/Tloc      ##........   32%         5
 Summon Mana Viper        Hex/Summ       ##......     32%         5
 Death Channel            Necr           ##........   89%         6
 Invisibility             Hex            ##......     89%         6
 Shadow Creatures         Summ           N/A          89%         6
 Dragon Form              Tmut           ##........   100%        7
 Summon Hydra             Summ           ##........   100%        7
 Dragon's Call            Summ           ##........   100%        9


Dungeon Overview and Level Annotations

Branches:
Dungeon (9/15)             Temple (0/1) D:7            Lair (5/6) D:9
 Shoals (0/4) Lair:2        Snake (0/4) Lair:3        Slime (0/5) Lair:5
    Orc (0/2) D:9         Ossuary (visited)

Altars:
Elyvilon
Hepliaklqana
Nemelex Xobeh
Trog
Uskayaw
Xom
Zin

Shops:
D:6 (   D:8 ?:*

Annotations:
Lair:5 2 transporters, Nessos


Innate Abilities, Weirdness & Mutations

Your experience applies equally to all skills.
You have extremely sharp teeth.
Your uncanny sense of smell can sniff out nearby items.
You have large cloven feet.
You have a somewhat thin skeletal structure. (Dex +2, Stealth)
Your skin changes colour to match your surroundings (Stealth+).
You are covered in fur. (AC +1)
Your spells are a little easier to cast, but a little less powerful.


Message History

You feel sick. You block Nessos's attack.
Nessos blinks!
You block the hippogriff's attack. The hippogriff misses you.
The hippogriff completely misses you. The cane toad closely misses you.
Unknown command.
Throwing (i - inventory)
l - 14 javelins (quivered)
Press: ? - help, Shift-Dir - straight line, f - Nessos
Aim: Nessos, wearing a +0 ring mail, quivering 22 arrows and carrying a wand of iceblast (8) (almost dead, fast)
You throw a javelin. The javelin barely misses Nessos.
You feel sick.
Nessos blinks!
Nessos wields a +2 longbow of flaming.
It bursts into flame!
Nessos shoots an arrow.
You reflect the arrow off an invisible shield around you!
The arrow hits Nessos.
The arrow burns Nessos.
Nessos is poisoned.
The hippogriff bites you!
* * * LOW HITPOINT WARNING * * *
The hippogriff completely misses you. The hippogriff barely misses you.
You block the cane toad's attack.
* * * LOW HITPOINT WARNING * * *
You feel very sick.
Nessos blinks!
Nessos shoots an arrow.
The arrow hits you!
You die...

..... #.^.(.# ... ....#
##...§...... .....
#.#.....P.. #. .....
.§.c....####... .....
##...#.##....<. ...#
#.....#........#....##
.####F.#.......#.#...(#.
.....H(@................
....8.....#.............
........##..............
..8...8.#...............
.........#...+........##
....8....#.##.#....(..#°
..........###..#......#☼
#..#.#...#....+.....#.
#.......##.P..P....#(


You could see Nessos (fast, very poisoned), a hippogriff and a cane toad.

Vanquished Creatures
  Gastronok (Lair:3)
  3 hydras
  Harold (D:7)
  2 two-headed ogres (D:9)
  3 death yaks (D:9)
  Pikel (D:7)
  4 elephants (Lair:4)
  3 merfolk sirens (Lair:2)
  Joseph (D:7)
  11 cane toads
  2 black mambas
  2 rime drakes (Lair:4)
  2 komodo dragons
  A troll (D:9)
  A merfolk (Lair:2)
  Prince Ribbit (D:7)
  17 blink frogs
  4 hippogriffs
  20 yaks
  3 wyverns
  2 steam dragons
  6 basilisks
  2 acid dragons (Lair:4)
  3 nagas (Lair:3)
  14 water moccasins
  4 porcupines
  3 black bears
  3 ice beasts
  A necrophage (D:8)
  3 orc warriors
  4 phantoms
  A sky beast (D:8)
  6 ogres
  8 wolves (Lair:2)
  4 centaurs
  A lemure (D:7)
  11 crocodiles
  2 elf zombies (Ossuary)
  14 bullfrogs
  A gnoll sergeant (D:8)
  4 scorpions
  12 wights (D:8)
  2 howler monkeys
  A human zombie (Ossuary)
  3 centaur zombies (Ossuary)
  4 hounds
  11 jellies
  2 bullfrog skeletons
  6 orc priests
  8 orc wizards
  A centaur skeleton (D:6)
  An iguana (D:2)
  7 worker ants
  A big kobold zombie (Ossuary)
  3 hound skeletons
  3 mummies (Ossuary)
  A howler monkey zombie (D:6)
  2 worker ant zombies
  5 gnolls (D:8)
  A howler monkey skeleton (D:4)
  12 adders
  A white imp (D:8)
  6 oozes
  2 adder skeletons
  3 adder zombies
  A worm (D:2)
  3 dart slugs
  3 leopard geckos
  34 orcs
  7 giant cockroaches
  3 gnoll zombies (Ossuary)
  6 goblins
  10 hobgoblins
  7 jackals
  8 kobolds
  2 quokkas
  3 ball pythons
  18 bats
  6 frilled lizards
  2 goblin zombies (Ossuary)
  6 hobgoblin zombies (Ossuary)
  3 jackal zombies (Ossuary)
  3 kobold zombies (Ossuary)
  2 orc zombies (Ossuary)
  A quokka skeleton (D:4)
  5 quokka zombies (Ossuary)
  7 rats
  2 rat zombies (Ossuary)
  A bush (Lair:4)
  A butterfly (Lair:1)
422 creatures vanquished.

Vanquished Creatures (others)
  26 fungi
  22 plants
48 creatures vanquished.

Grand Total: 470 creatures vanquished

Notes
Turn   | Place    | Note
-------+----------+-------------------------------------------
     0 | Abyss:1  | Gargoyl the Gnoll Abyssal Knight began the quest for the
                  | Orb.
     0 | Abyss:1  | Reached XP level 1. HP: 23/23 MP: 3/3
    42 | Abyss:1  | Noticed a starcursed mass
    46 | Abyss:1  | Noticed a ynoxinul
    50 | Abyss:1  | Noticed a small abomination
    53 | D:1      | Escaped the Abyss
   500 | D:1      | Reached XP level 2. HP: 27/29 MP: 5/5
   577 | D:1      | Reached * piety under Lugonu
   830 | D:1      | Reached XP level 3. HP: 32/35 MP: 6/6
  1338 | D:2      | Reached skill level 1 in Short Blades
  1338 | D:2      | Reached skill level 1 in Long Blades
  1338 | D:2      | Reached skill level 1 in Maces & Flails
  1338 | D:2      | Reached skill level 1 in Polearms
  1338 | D:2      | Reached skill level 1 in Staves
  1338 | D:2      | Reached skill level 1 in Slings
  1338 | D:2      | Reached skill level 1 in Bows
  1338 | D:2      | Reached skill level 1 in Crossbows
  1338 | D:2      | Reached skill level 1 in Throwing
  1338 | D:2      | Reached skill level 1 in Stealth
  1338 | D:2      | Reached skill level 1 in Shields
  1338 | D:2      | Reached skill level 1 in Unarmed Combat
  1338 | D:2      | Reached skill level 1 in Spellcasting
  1338 | D:2      | Reached skill level 1 in Evocations
  1737 | D:2      | Reached XP level 4. HP: 34/41 MP: 7/7
  1929 | D:2      | Reached skill level 1 in Conjurations
  1929 | D:2      | Reached skill level 1 in Hexes
  1929 | D:2      | Reached skill level 1 in Summonings
  1929 | D:2      | Reached skill level 1 in Necromancy
  1929 | D:2      | Reached skill level 1 in Translocations
  1929 | D:2      | Reached skill level 1 in Transmutations
  1929 | D:2      | Reached skill level 1 in Fire Magic
  1929 | D:2      | Reached skill level 1 in Ice Magic
  1929 | D:2      | Reached skill level 1 in Air Magic
  1929 | D:2      | Reached skill level 1 in Earth Magic
  1929 | D:2      | Reached skill level 1 in Poison Magic
  2101 | D:2      | Reached ** piety under Lugonu
  2101 | D:2      | Reached XP level 5. HP: 43/47 MP: 8/8
  2590 | D:3      | Found a sparkling altar of Nemelex Xobeh.
  3027 | D:3      | Reached *** piety under Lugonu
  3031 | D:3      | Reached skill level 5 in Invocations
  3108 | D:3      | Reached XP level 6. HP: 20/53 MP: 9/9
  3822 | D:4      | Reached skill level 5 in Axes
  3822 | D:4      | Reached skill level 5 in Armour
  3930 | D:4      | Found a sand-covered staircase.
  3938 | D:4      | Reached XP level 7. HP: 45/59 MP: 10/10
  3956 | Ossuary  | Entered an ossuary
  4148 | Ossuary  | Reached **** piety under Lugonu
  4697 | Ossuary  | Reached XP level 8. HP: 67/67 MP: 12/12
  4940 | D:4      | Noticed a +0 hand axe
  4940 | D:4      | Noticed a +0 hand axe
  4941 | D:4      | Found a hide-covered altar of Uskayaw.
  5048 | D:4      | Found a sparkling altar of Nemelex Xobeh.
  5384 | D:5      | Entered Level 5 of the Dungeon
  6360 | D:6      | Found a white marble altar of Elyvilon.
  6396 | D:6      | Found Zimmerah's Weapon Boutique.
  6413 | D:6      | Reached ***** piety under Lugonu
  6420 | D:6      | Reached XP level 9. HP: 70/72 MP: 14/14
  6874 | D:7      | Gained mutation: You are partially covered in rugged brown
                  | scales. (AC +1, +3% HP) [potion of mutation]
  6874 | D:7      | Gained mutation: You have extremely sharp teeth. [potion of
                  | mutation]
  6874 | D:7      | Gained mutation: You expend magic power (3 MP) to
                  | strengthen your wands. [potion of mutation]
  6875 | D:7      | Lost mutation: You expend magic power (3 MP) to strengthen
                  | your wands. [potion of mutation]
  6875 | D:7      | Gained mutation: You are dopey. (Int -2) [potion of
                  | mutation]
  6875 | D:7      | Lost mutation: You are dopey. (Int -2) [potion of mutation]
  6875 | D:7      | Gained mutation: You evolve. [potion of mutation]
  7001 | D:7      | Noticed Prince Ribbit
  7107 | D:7      | Noticed Joseph
  7120 | D:7      | Killed Joseph
  7120 | D:7      | Reached skill level 5 in Dodging
  7406 | D:7      | Killed Prince Ribbit
  7419 | D:7      | Found a staircase to the Ecumenical Temple.
  7542 | D:7      | Found a glowing silver altar of Zin.
  7560 | D:7      | Noticed Harold
  7577 | D:7      | Killed Harold
  7577 | D:7      | Reached XP level 10. HP: 36/82 MP: 15/17
  8090 | D:7      | Noticed Pikel
  8111 | D:7      | Killed Pikel
  8111 | D:7      | Reached skill level 5 in Short Blades
  8111 | D:7      | Reached skill level 5 in Long Blades
  8111 | D:7      | Reached skill level 5 in Maces & Flails
  8111 | D:7      | Reached skill level 5 in Polearms
  8111 | D:7      | Reached skill level 5 in Staves
  8111 | D:7      | Reached skill level 5 in Slings
  8111 | D:7      | Reached skill level 5 in Bows
  8111 | D:7      | Reached skill level 5 in Crossbows
  8111 | D:7      | Reached skill level 5 in Throwing
  8111 | D:7      | Reached skill level 5 in Stealth
  8111 | D:7      | Reached skill level 5 in Shields
  8111 | D:7      | Reached skill level 5 in Unarmed Combat
  8111 | D:7      | Reached skill level 5 in Spellcasting
  8111 | D:7      | Reached skill level 5 in Evocations
  8571 | D:8      | Found Digoediyc's Book Shop.
  8665 | D:8      | Found Meteof's General Store.
  8673 | D:8      | Bought a scroll of brand weapon for 280 gold pieces
  8787 | D:8      | Found a hazy altar of Hepliaklqana.
  8788 | D:8      | Found a shimmering altar of Xom.
  8789 | D:8      | Noticed a spectral ugly thing
  8949 | D:8      | Found Yzawanta's Magic Scroll Shop.
  9107 | D:8      | Bought a scroll of enchant weapon for 82 gold pieces
  9630 | D:9      | Noticed a two-headed ogre
  9636 | D:9      | Killed a two-headed ogre
  9895 | D:9      | Noticed a death yak
  9899 | D:9      | Noticed a death yak
  9899 | D:9      | Noticed a death yak
  9914 | D:9      | Reached XP level 11. HP: 36/89 MP: 19/19
  9920 | D:9      | Found a staircase to the Lair.
 10059 | D:9      | Noticed a two-headed ogre
 10076 | D:9      | Killed a two-headed ogre
 10076 | D:9      | Reached skill level 5 in Conjurations
 10076 | D:9      | Reached skill level 5 in Hexes
 10076 | D:9      | Reached skill level 5 in Summonings
 10076 | D:9      | Reached skill level 5 in Necromancy
 10076 | D:9      | Reached skill level 5 in Translocations
 10076 | D:9      | Reached skill level 5 in Transmutations
 10076 | D:9      | Reached skill level 5 in Fire Magic
 10076 | D:9      | Reached skill level 5 in Ice Magic
 10076 | D:9      | Reached skill level 5 in Air Magic
 10076 | D:9      | Reached skill level 5 in Earth Magic
 10076 | D:9      | Reached skill level 5 in Poison Magic
 10338 | D:9      | Found a bloodstained altar of Trog.
 10432 | D:9      | Found a staircase to the Orcish Mines.
 10799 | D:9      | Killed a death yak
 10813 | D:9      | Killed a death yak
 11342 | D:9      | Killed a death yak
 11653 | Lair:1   | Entered Level 1 of the Lair of Beasts
 11736 | Lair:1   | Noticed a four-headed hydra
 11808 | D:9      | Killed a one-headed hydra
 12587 | Lair:1   | Reached XP level 12. HP: 82/98 MP: 22/22
 12859 | Lair:1   | Noticed a six-headed hydra
 12871 | Lair:1   | Killed a one-headed hydra
 13772 | Lair:2   | Found a staircase to the Shoals.
 13966 | Lair:2   | Noticed an eight-headed hydra
 13986 | Lair:2   | Killed a one-headed hydra
 14409 | Lair:2   | Reached skill level 10 in Fighting
 14538 | Lair:2   | Gained mutation: You have large cloven feet. [evolution]
 15077 | Lair:2   | Got a scintillating iron ring
 15134 | Lair:2   | Got a translucent long sword
 15135 | Lair:2   | Identified the +10 long sword of Resourcefulness {flame,
                  | +Rage} (You found it on level 2 of the Lair of Beasts)
 15183 | Lair:2   | HP: 2/99 [acid (12)]
 16100 | Lair:3   | Noticed Gastronok
 16402 | Lair:3   | Killed Gastronok
 16402 | Lair:3   | Reached XP level 13. HP: 43/106 MP: 24/24
 16909 | Lair:3   | Found a staircase to the Snake Pit.
 17189 | Lair:3   | Reached skill level 10 in Invocations
 17551 | Lair:3   | Gained mutation: Your skin changes colour to match your
                  | surroundings (Stealth+). [evolution]
 17593 | Lair:3   | Lost mutation: You evolve. [potion of mutation]
 17593 | Lair:3   | Lost mutation: You are partially covered in rugged brown
                  | scales. (AC +1, +3% HP) [potion of mutation]
 17593 | Lair:3   | Gained mutation: Your spells are a little easier to cast,
                  | but a little less powerful. [potion of mutation]
 17593 | Lair:3   | Gained mutation: You are covered in fur. (AC +1) [potion of
                  | mutation]
 17593 | Lair:3   | Gained mutation: You have a somewhat thin skeletal
                  | structure. (Dex +2, Stealth) [potion of mutation]
 18316 | Lair:4   | Reached ****** piety under Lugonu
 19102 | Lair:4   | HP: 3/104 [acid (9)]
 19109 | Lair:4   | Identified the Papyrus of Black Arts and Companions
 19126 | Lair:4   | Got a fading rapier
 19127 | Lair:4   | Identified the cursed +0 rapier of Izost {freeze, rC+ rN+
                  | MP+9} (You found it on level 4 of the Lair of Beasts)
 19129 | Lair:4   | Identified the ring of Hedonism {rF+ rC+ MR+ SInv} (You
                  | found it on level 2 of the Lair of Beasts)
 20109 | Lair:5   | Found a staircase to the Slime Pits.
 20280 | Lair:5   | Found a transporter.
 20638 | Lair:5   | Found a transporter.
 20687 | Lair:5   | Noticed Nessos
 20702 | Lair:5   | Shot with an arrow by Nessos

Illustrated notes

Levels and vault maps discovered:
D:1:      minmay_arrival_stone_box, layout_loops_ring
D:2:      layout_loops_ring, corexii_shack
D:3:      layout_loops_ring, nicolae_overflow_hidden_temple, roderic_batcave
D:4:      layout_loops_ring, dancing_weapons_uskayaw, enter_ossuary_1,
          nemelex_diamond_rough_becter
D:5:      layout_cave_pools
D:6:      layout_loops_cross, kennysheep_mini_moat, serial_shops, shop
D:7:      layout_basic, nicolae_overflow_crystal_walls,
          minmay_temple_entry_stoned_glass, uniq_pikel, uniq_harold,
          uniq_prince_ribbit1, uniq_joseph
D:8:      layout_gridville, regret_index_temple_of_mockery, serial_shops,
          nicolae_shop_statue_plus, shop, shop
D:9:      layout_loops_ring, trog_ov_bears_minmay, dpeg_lair_monsters,
          david_orc_3
Lair:1:   layout_concentric_octagons, lemuel_fruit_tree, lemuel_fruit_fields
Lair:2:   layout_chaotic_city, elwin_shoals_entry_stream,
          minmay_lair_oklob_chamber
Lair:3:   layout_hall_layers, minmay_snake_entry_guardpost_small,
          kennysheep_basilisk_garden, uniq_gastronok
Lair:4:   layout_hall_layers, minmay_lair_oklob_items, guppyfry_lair_drakes
Lair:5:   gammafunk_cloud_chamber, layout_regular_city,
          minmay_slime_entry_jelly_boxes, bobbens_ice_dragon_lair,
          grunt_megastairs_4, serial_bayou_shore_b, uniq_nessos

Skill      XL: |  1  2  3  4  5  6  7  8  9 10 11 12 13 |
---------------+----------------------------------------+-----
Short Blades   | 1 2 3 4 5 6 7 8 |  8.6
Long Blades    | 1 2 3 4 5 6 7 8 |  8.6
Maces & Flails | 1 2 3 4 5 6 7 8 |  8.6
Polearms       | 1 2 3 4 5 6 7 8 |  8.6
Staves         | 1 2 3 4 5 6 7 8 |  8.6
Slings         | 1 2 3 4 5 6 7 8 |  8.6
Bows           | 1 2 3 4 5 6 7 8 |  8.6
Crossbows      | 1 2 3 4 5 6 7 8 |  8.6
Throwing       | 1 2 3 4 5 6 7 8 |  8.6
Stealth        | 1 2 3 4 5 6 7 8 |  8.6
Shields        | 1 2 3 4 5 6 7 8 |  8.6
Unarmed Combat | 1 2 3 4 5 6 7 8 |  8.6
Spellcasting   | 1 2 3 4 5 6 7 8 |  8.6
Evocations     | 1 2 3 4 5 6 7 8 |  8.6
Conjurations   | 1 2 3 4 5 6 7 |  7.2
Hexes          | 1 2 3 4 5 6 7 |  7.2
Summonings     | 1 2 3 4 5 6 7 |  7.2
Necromancy     | 1 2 3 4 5 6 7 |  7.2
Translocations | 1 2 3 4 5 6 7 |  7.2
Transmutations | 1 2 3 4 5 6 7 |  7.2
Fire Magic     | 1 2 3 4 5 6 7 |  7.2
Ice Magic      | 1 2 3 4 5 6 7 |  7.2
Air Magic      | 1 2 3 4 5 6 7 |  7.2
Earth Magic    | 1 2 3 4 5 6 7 |  7.2
Poison Magic   | 1 2 3 4 5 6 7 |  7.2
Dodging        | 3 4 5 6 7 8 9 |  9.0
Invocations    | 5 6 7 8 9 10 | 10.4
Axes           | 5 6 7 8 9 |  9.8
Armour         | 5 6 7 8 9 |  9.8
Fighting       | 7 8 9 10 | 10.7

Action                   |  1- 3 |  4- 6 |  7- 9 | 10-12 | 13-15 || total
-------------------------+-------+-------+-------+-------+-------++-------
Melee: Hand axe          |    94 |   216 |   308 |   547 |   255 ||  1420
       Bite              |    10 |    24 |    47 |    91 |    49 ||   221
       Punch             |       |     4 |     2 |     1 |       ||     7
       Long sword        |       |       |       |    32 |    50 ||    82
Throw: Javelin           |       |     3 |     4 |     6 |    10 ||    23
Invok: Depart the Abyss  |     1 |       |       |       |       ||     1
       Banish            |       |       |       |     2 |     1 ||     3
Evoke: Wand              |       |       |     2 |       |       ||     2
  Use: Scroll            |     5 |     4 |     8 |     5 |     2 ||    24
       Potion            |       |       |     3 |       |     3 ||     6
 Stab: Sleeping          |     3 |     3 |     1 |     5 |     4 ||    16
       Distracted        |       |       |       |     1 |       ||     1
Armor: Leather armour    |    26 |    18 |       |       |       ||    44
       Scale mail        |       |    68 |   113 |   178 |    79 ||   438
Dodge: Dodged            |    61 |   148 |   132 |   267 |   176 ||   784
Block: Other             |    21 |    51 |    52 |    32 |       ||   156
       Reflection        |     1 |     1 |     2 |     1 |     1 ||     6
       Buckler           |       |       |       |   234 |   164 ||   398
       Rpst.: Long sword |       |       |       |     3 |    11 ||    14

Table legend: (Time is in decaauts)
 A = Elapsed time spent in this place.
 B = Non-inter-level travel time spent in this place.
 C = Inter-level travel time spent in this place.
 D = Time resting spent in this place.
 E = Time spent auto-exploring this place.
 F = Levels seen in this place.
 G = Mean time per level.
                   A        B        C        D        E       F      G
               +--------+--------+--------+--------+--------+-----+--------+
         Total |  20654 |  20327 |    327 |   6968 |   9742 |  16 | 1290.9 |
       Dungeon |  11176 |  11000 |    176 |   2708 |   6192 |   9 | 1241.8 |
          Lair |   8630 |   8480 |    150 |   3968 |   3232 |   5 | 1726.0 |
         Abyss |     53 |     53 |      0 |      0 |     34 |   1 |   53.0 |
       Ossuary |    795 |    795 |      0 |    292 |    283 |   1 |  795.0 |
               +--------+--------+--------+--------+--------+-----+--------+

Top non-repeatable levels by time:
     D:9: 2386 daAuts
  Lair:2: 2142 daAuts
  Lair:3: 2105 daAuts
  Lair:1: 1923 daAuts
  Lair:4: 1842 daAuts
     D:3: 1386 daAuts
     D:8: 1379 daAuts
     D:7: 1357 daAuts
     D:2: 1309 daAuts
     D:1: 1062 daAuts
     D:4: 802 daAuts
 Ossuary: 795 daAuts
     D:5: 780 daAuts
     D:6: 711 daAuts
  Lair:5: 616 daAuts
